 Dungeon Crawl Stone Soup version 0.31-a0-744-gbc345e7fcb (webtiles) character file.

Game seed: 6671042951054632435

53 GigaChad the Shield-Bearer (level 4, -2/37 HPs)
             Began as a Formicid Fighter on Sept 13, 2023.
             Slain by an orc wizard
             ... wielding a +0 dagger
              (3 damage)
             ... on level 3 of the Dungeon.
             The game lasted 00:02:39 (1818 turns).

GigaChad the Shield-Bearer (Formicid Fighter)       Turns: 1818, Time: 00:02:40

Health: -2/37      AC:  7    Str: 22    XL:     4   Next: 10%
Magic:  4/4        EV:  9    Int:  8    God:
Gold:   98         SH:  5    Dex: 13    Spells: 3/3 levels left

rFire   . . .        a - +0 war axe
rCold   . . .        c - +0 buckler
rNeg    . . .        b - +0 scale mail
rPois   .            (helmet unavailable)
rElec   .            (no cloak)
rCorr   .            (no gloves)
SInv    +            (no boots)
Will    .....        (no amulet) Stlth
                     (no ring)
HPRegen 0.26/turn    (no ring)
MPRegen 0.09/turn

%: no passive effects
@: no status effects
A: permanent stasis, dig shafts and tunnels, antennae 3, four strong arms
a: Dig, Shaft Self


You were on level 3 of the Dungeon.
You visited 1 branch of the dungeon, and saw 3 of its levels.

You collected 98 gold pieces.

Inventory:

Hand Weapons
 a - a +0 war axe (weapon)
Armour
 b - a +0 scale mail (worn)
 c - a +0 buckler (worn)
Scrolls
 f - 2 scrolls of teleportation {unknown}
 g - a scroll of vulnerability {unknown}
 i - a scroll of fog {unknown}
 k - a scroll of poison {unknown}
 l - a scroll of noise {unknown}
 n - a scroll of fear {unknown}
Potions
 d - a potion of might
 e - 2 potions of attraction {unknown}
 h - a potion of degeneration {unknown}
 j - a potion of curing {unknown}
 m - a potion of mutation {unknown}


   Skills:
 * Level 3.6 Fighting
 * Level 2.7 Axes
 * Level 3.9 Armour
 * Level 4.6 Shields


You had 3 spell levels left.
You didn't know any spells.
Your spell library contained the following spells:

 Spells                   Type           Power      Damage    Failure   Level
 Manifold Assault         Tloc           0%         N/A       100%        4
 Blink                    Tloc           Unusable   N/A       N/A         2

Dungeon Overview and Level Annotations

Branches:
Dungeon (3/15)

Altars:

Shops:
D:1 ?(?


Innate Abilities, Weirdness & Mutations

You cannot be hasted, slowed, berserked, paralysed or teleported.
You can dig through walls and to a lower floor.
You have a pair of large antennae on your head. (SInv)
Your four strong arms can wield two-handed weapons with a shield.


Message History

You are too injured to fight recklessly!
An endoplasm and a ball python come into view.
Found a whip.
The endoplasm quivers.
The ball python hisses angrily.
You block the orc's attack. The orc completely misses you.
The ball python moves out of view.
You see here a +0 hand axe.
You hit the orc.
The orc is severely wounded.
You slash the orc wizard! You hit the orc but do no damage.
The orc wizard hits you with a +0 dagger.
The orc hits you but does no damage. x2
Unknown command.
You hit the orc.
The orc is almost dead.
You barely miss the orc wizard. You barely miss the orc.
The orc priest looks encouraged for a moment.
The orc wizard barely misses you. You block the orc's attack. x2
The orc hits you with a +0 trident. You block the orc's attack.
The orc wizard hits you but does no damage.
You slash the orc!
You kill the orc!
You hit the orc but do no damage. You completely miss the orc priest.
You barely miss the orc wizard.
The orc priest hits you but does no damage.
The orc wizard hits you with a +0 dagger.
The orc hits you but does no damage.
The orc priest hits you with a +0 war axe.
* * * LOW HITPOINT WARNING * * *
The orc wizard hits you with a +0 dagger.
* * * LOW HITPOINT WARNING * * *
The orc barely misses you.
Things that are here:
a +0 short sword; a boomerang; an orc corpse The orc priest attacks as it pursues you!
The orc priest hits you with a +0 war axe.
* * * LOW HITPOINT WARNING * * *
The orc wizard hits you with a +0 dagger.
You die...

#.# #.# #.# #
#.######
#.##.##...
#....##.#####
#.#.....).S.#
......<..ooo>.#
###...###.@#..#
...........#..#
####.####.##,.#
#. ... )# ##
##.# # #.# #.
#.


You could see an orc priest, an orc wizard, an orc and a ball python.

Vanquished Creatures
  An adder (D:2)
  A worm (D:2)
  2 dart slugs (D:2)
  2 orcs (D:3)
  2 bats
  3 endoplasms
  A giant cockroach (D:3)
  2 goblins (D:2)
  6 hobgoblins
  2 quokkas (D:2)
  4 ball pythons
  3 frilled lizards (D:2)
  2 kobolds (D:2)
  2 rats
33 creatures vanquished.

Notes
Turn   | Place    | Note
-------+----------+-------------------------------------------
     0 | D:1      | GigaChad the Formicid Fighter began the quest for the Orb.
     0 | D:1      | Reached XP level 1. HP: 18/18 MP: 1/1
   141 | D:1      | Found a faded altar of an unknown god.
   223 | D:1      | Found Saleesoh's Magic Scroll Shoppe.
   253 | D:1      | Found Kanafiq's Weapon Shoppe.
   286 | D:1      | Reached XP level 2. HP: 24/24 MP: 2/2
   453 | D:1      | Found Aqo Xaph's Magic Scroll Emporium.
   652 | D:1      | Found Foihuwke's Book Emporium.
   653 | D:1      | Noticed a walking crystal tome
   653 | D:1      | Noticed a walking frostbound tome
  1042 | D:2      | Reached XP level 3. HP: 12/29 MP: 3/3
  1803 | D:3      | Reached XP level 4. HP: 35/36 MP: 4/4
  1818 | D:3      | HP: 1/37 [orc priest/+0 war axe (6)]
  1818 | D:3      | Slain by an orc wizard

Illustrated notes

Levels and vault maps discovered:
D:1:      ldierk_walled_garden_2, layout_basic, serial_shops, shop,
          nicolae_shop_rolled_up, shop, nicolae_shop_mannequins,
          ebering_ecumenical_altar_ruins
D:2:      layout_loops_ring
D:3:      layout_basic, old_standard_altar, jmf_multi_god_temple,
          minmay_quadrilaterals

Action                     |  1- 3 |  4- 6 || total
---------------------------+-------+-------++-------
  Melee: War axe           |    79 |     5 ||    84
 Armour: Scale mail        |    59 |    18 ||    77
  Dodge: Dodged            |    35 |     4 ||    39
  Block: Buckler           |    22 |     4 ||    26

Table legend: (Time is in decaauts)
 A = Elapsed time spent in this place.
 B = Non-inter-level travel time spent in this place.
 C = Inter-level travel time spent in this place.
 D = Time resting spent in this place.
 E = Time spent auto-exploring this place.
 F = Levels seen in this place.
 G = Mean time per level.
                   A        B        C        D        E       F      G
               +--------+--------+--------+--------+--------+-----+--------+
         Total |   1854 |   1782 |     72 |      0 |   1533 |   3 |  618.0 |
       Dungeon |   1854 |   1782 |     72 |      0 |   1533 |   3 |  618.0 |
               +--------+--------+--------+--------+--------+-----+--------+

Top non-repeatable levels by time:
     D:1: 946 daAuts
     D:2: 874 daAuts
     D:3: 33 daAuts
